 Dungeon Crawl Stone Soup version 0.31.0-32-g396128a36d (webtiles) character file.

Game seed: 990953864792372623

81 Arto the Covered (level 4, -3/40 HPs)
             Began as a Hill Orc Fighter on Mar 29, 2024.
             Was a Follower of Cheibriados.
             Slain by Crazy Yiuf
             ... wielding a +3 quarterstaff of chaos
              (10 damage)
             ... on level 3 of the Dungeon on Mar 30, 2024.
             The game lasted 00:21:10 (2586 turns).

Arto the Covered (Hill Orc Fighter)                 Turns: 2586, Time: 00:21:11

Health: -3/40      AC: 14    Str: 23    XL:     4   Next: 42%
Magic:  4/4        EV:  8    Int: 11    God:    Cheibriados [*.....]
Gold:   117        SH:  5    Dex: 13    Spells: 3/3 levels left

rFire   + . .        o - +2 spear (pain)
rCold   . . .        c - +0 buckler
rNeg    . . .        q - +0 chain mail
rPois   .            m - +0 helmet
rElec   .            (no cloak)
rCorr   .            (no gloves)
SInv    .            (no boots)
Will    .....        (no amulet) Stlth
                     k - +4 ring of protection
HPRegen 0.26/turn    s - ring of protection from fire
MPRegen 0.09/turn

%: no passive effects
@: lethally poisoned (-3 -> -5), weak-willed, very slow
A: no striking features
a: Renounce Religion, Bend Time


You were on level 3 of the Dungeon.
You worshipped Cheibriados.
Cheibriados was aware of your devotion.
You visited 1 branch of the dungeon, and saw 3 of its levels.

You collected 117 gold pieces.

Inventory:

Hand Weapons
 a - a +0 war axe
 o - a +2 spear of pain (weapon)
Armour
 b - a +0 scale mail
 c - a +0 buckler (worn)
 j - a +0 leather armour
 m - a +0 helmet (worn)
 q - a +0 chain mail (worn)
Jewellery
 k - a +4 ring of protection (left hand)
 s - a ring of protection from fire (right hand)
 u - a ring of fire
Scrolls
 e - a scroll of teleportation {unknown}
 h - 3 scrolls of amnesia
 l - a scroll of identify {unknown}
 r - a scroll of enchant weapon {unknown}
 t - a scroll of immolation {unknown}
Potions
 d - 2 potions of might
 f - 3 potions of enlightenment {unknown}
 g - 2 potions of invisibility {unknown}
 i - 2 potions of degeneration {unknown}
 p - a potion of heal wounds {unknown}


   Skills:
 + Level 4.1 Fighting
 + Level 3.8(3.9) Axes
 * Level 1.0(2.2) Polearms
 + Level 4.2 Armour
 * Level 0.5 Dodging
 - Level 3.5 Shields


You had 3 spell levels left.
You didn't know any spells.
Your spell library contained the following spells:

 Spells                   Type           Power      Damage    Failure   Level
 Sandblast                Erth           0%         2d4       94%         1
 Passwall                 Erth           0%         N/A       100%        3
 Stone Arrow              Conj/Erth      0%         3d7       100%        3
 Brom's Barrelling Bould  Conj/Erth      0%         2d3       100%        4


Dungeon Overview and Level Annotations

Branches:
Dungeon (3/15)

Altars:
Cheibriados
Qazlal

Shops:
D:3 *

Annotations:
D:3 Crazy Yiuf


Message History

There is an open door here.
Okay, then.
As you read the scroll labelled NUUFUDDUNN, it crumbles to dust.
It is a scroll of amnesia.
You feel forgetful for a moment.
As you read the scroll labelled EDDOLACL AHAM, it crumbles to dust.
A wave of despondency washes over your surroundings.
It was a scroll of vulnerability.
You open the door. You barely miss Crazy Yiuf. You block Crazy Yiuf's attack.
You completely miss Crazy Yiuf. Crazy Yiuf misses you.
You barely miss Crazy Yiuf. Crazy Yiuf closely misses you.
You hit Crazy Yiuf.
Crazy Yiuf is lightly wounded.
Crazy Yiuf hits you but does no damage.
You are electrocuted!
You hit Crazy Yiuf.
Crazy Yiuf is heavily wounded.
Crazy Yiuf hits you with a +3 quarterstaff of chaos!
You closely miss Crazy Yiuf.
Crazy Yiuf is heavily wounded.
Crazy Yiuf hits you with a +3 quarterstaff of chaos.
Crazy Yiuf freezes you.
As you read the scroll of vulnerability, it crumbles to dust.
A wave of despondency washes over your surroundings.
Crazy Yiuf hits you with a +3 quarterstaff of chaos.
* * * LOW HITPOINT WARNING * * *
You barely miss Crazy Yiuf.
Crazy Yiuf is heavily wounded.
Crazy Yiuf hits you but does no damage.
You are poisoned.
You feel sick.
You hit Crazy Yiuf.
Crazy Yiuf is severely wounded.
Crazy Yiuf glowers.
You block Crazy Yiuf's attack.
You hit Crazy Yiuf.
Crazy Yiuf is severely wounded.
You feel sick.
Crazy Yiuf hits you with a +3 quarterstaff of chaos!
You die...

~♣~♣#♣~#.....#..#########.######.
♣#♣~♣♣~#######..#### #.# #.
♣♣#♣~~##...........######.# #.
~~♣##'############.#......# #.
####....## ###############.
.##.#....# #........
....############ #.####### ....#
##.+..#.### ### ##)#..... .#.##
##......#.@##...# #.#.###. .#.#
##.....P####g'...# #.....#.
##'###....+.## ###..)# #.#.#.#.
........##### ### #.#.#.#.
........# #...#.#. ........#
#####... ........# ####.......
.#####.## #####..#.######
.#####.############..............


You could see Crazy Yiuf (weak-willed).

Vanquished Creatures
  A ribbon worm (D:2)
  4 orcs (D:3)
  8 endoplasms
  A giant cockroach (D:1)
  3 goblins
  6 hobgoblins
  6 jackals
  4 quokkas
  11 ball pythons
  7 bats (D:1)
  2 frilled lizards (D:2)
  7 kobolds
  6 rats
66 creatures vanquished.

Notes
Turn   | Place    | Note
-------+----------+-------------------------------------------
     0 | D:1      | Arto the Hill Orc Fighter began the quest for the Orb.
     0 | D:1      | Reached XP level 1. HP: 19/19 MP: 1/1
   102 | D:1      | Reached XP level 2. HP: 20/27 MP: 2/2
   686 | D:1      | Reached XP level 3. HP: 33/33 MP: 3/3
  1641 | D:3      | Found a runed translucent door.
  1642 | D:3      | Noticed Crazy Yiuf
  1749 | D:3      | Reached XP level 4. HP: 40/40 MP: 4/4
  1848 | D:3      | Found Xoneaq's Assorted Antiques.
  1894 | D:3      | Found a faded altar of an unknown god.
  1899 | D:3      | Prayed at the altar of an unknown god.
  1899 | D:3      | Became a worshipper of Cheibriados the Contemplative
  1899 | D:3      | Reached * piety under Cheibriados
  2203 | D:3      | Found a stormy altar of Qazlal.
  2501 | D:3      | Reached skill level 1 in Polearms
  2586 | D:3      | Slain by Crazy Yiuf

Illustrated notes

Levels and vault maps discovered:
D:1:      eino_arrival_cavern_a, layout_basic, grunt_decor_arrowhead
D:2:      layout_rooms
D:3:      layout_basic, grunt_qazlal_sundering,
          shapermc_ecumenical_altar_mp_vishouse, serial_shops,
          nicolae_shop_waterfront, saegor_snake_ambush, uniq_crazy_yiuf_cottage

Skill      XL: |  1  2  3  4 |
---------------+-------------+-----
Armour         | 4 |  4.2
Axes           | 3 |  3.8
Fighting       | 4 |  4.1
Polearms       | 1 |  1.0
Dodging        | |  0.5
Shields        | |  3.5

Action                     |  1- 3 |  4- 6 || total
---------------------------+-------+-------++-------
  Melee: War axe           |    95 |       ||    95
         Spear             |    51 |    60 ||   111
    Use: Scroll            |       |     3 ||     3
 Armour: Scale mail        |   103 |       ||   103
         Chain mail        |       |    30 ||    30
         Skin              |       |     1 ||     1
  Dodge: Dodged            |    83 |    12 ||    95
  Block: Buckler           |    24 |     8 ||    32
